 Dungeon Crawl Stone Soup version 0.26.1-11-gd32895ea62 (webtiles) character file.

Game seed: 15658334195066611761

742 Riddle the Ducker (level 7, -8/56 HPs)
             Began as a Merfolk Gladiator on June 9, 2021.
             Killed by divine providence
             ... invoked by an orc priest
              (12 damage)
             ... on level 5 of the Dungeon.
             The game lasted 00:10:32 (5927 turns).

Riddle the Ducker (Merfolk Gladiator)               Turns: 5927, Time: 00:10:32

Health: -8/56      AC:  5    Str: 14    XL:     7   Next: 76%
Magic:  7/7        EV: 17    Int:  8    God:
Gold:   209        SH:  0    Dex: 17    Spells: 6/6 levels left

rFire    . . .     SeeInvis .   a - +1 long sword
rCold    . . .     Faith    .   (no shield)
rNeg     . . .     Spirit   .   b - +0 leather armour
rPois    .         Reflect  .   c - +0 helmet
rElec    .         Harm     .   r - +0 cloak
rCorr    .         Rampage  .   (no gloves)
Will     +....                  (no boots)
Stlth    +.........             (no amulet)
HPRegen  0.18/turn              m - ring of willpower
MPRegen  0.10/turn              (no ring)

@: no status effects
A: change form in water, swift swim, stealthy swim
a: no special abilities


You were on level 5 of the Dungeon.
You visited 1 branch of the dungeon, and saw 5 of its levels.
You also visited: Sewer.

You collected 209 gold pieces.

Inventory:

Hand Weapons
 a - a +1 long sword (weapon)
Missiles
 d - 2 throwing nets (quivered)
Armour
 b - a +0 leather armour (worn)
 c - a +0 helmet (worn)
 r - a +0 cloak (worn)
Jewellery
 m - a ring of willpower (left hand)
Scrolls
 f - a scroll of identify
 h - 3 scrolls of immolation {unknown}
 j - 4 scrolls of teleportation {unknown}
 l - 3 scrolls of enchant armour {unknown}
 n - a scroll of fog {unknown}
 o - a scroll of remove curse {unknown}
 q - a scroll of random uselessness {unknown}
Potions
 e - 2 potions of brilliance {unknown}
 g - 3 potions of curing {unknown}
 i - 2 potions of heal wounds
 k - a potion of mutation {unknown}
 p - a potion of flight {unknown}


   Skills:
 + Level 5.6 Fighting
 + Level 6.1 Long Blades
 - Level 2.0 Throwing
 + Level 7.5 Dodging


You had 6 spell levels left.
You didn't know any spells.
Your spell library was empty.

Dungeon Overview and Level Annotations

Branches:
Dungeon (5/15)              Sewer (visited)
 Temple: D:4-7

Altars:
Nemelex Xobeh
Qazlal

Annotations:
D:4 2 transporters, H0rd4k's ghost, novice OpTm


Message History

The orc priest is almost dead.
The orc priest barely misses you.
You hit the orc priest but do no damage.
The orc priest is almost dead.
You completely miss the orc priest.
The orc priest is almost dead.
The orc priest barely misses you.
You closely miss the orc priest.
The orc priest is almost dead.
The orc priest hits you but does no damage.
You closely miss the orc priest.
The orc priest is severely wounded.
The orc priest calls down the wrath of Beogh upon you.
Beogh smites you!
* * * LOW HITPOINT WARNING * * *
You hit the orc priest.
The orc priest is almost dead.
The orc priest mumbles some strange prayers to Beogh against you.
Beogh smites you!
You die...

.......<.#
########.#
.........#
########..#
.......#..#
#........#
#........######
#.#............
####)@#######
...(...o[.#
#.###.....#
#..##.# #... $#
#.# ## #. #.


You could see an orc priest.

Vanquished Creatures
  Eustachio (D:4)
  A phantom (D:4)
  A big kobold (Sewer)
  3 orc priests (D:4)
  An orc wizard (D:3)
  Natasha (thrice) (D:4)
  A worker ant (D:4)
  5 adders
  A white imp (D:3)
  An adder skeleton (D:5)
  6 worms
  5 dart slugs
  A leopard gecko (D:2)
  14 orcs
  14 bats
  3 giant cockroaches
  11 hobgoblins
  8 jackals
  3 quokkas
  4 ball pythons
  8 frilled lizards
  13 goblins
  26 kobolds
  A quokka skeleton (D:5)
  9 rats
144 creatures vanquished.

Notes
Turn   | Place    | Note
-------+----------+-------------------------------------------
     0 | D:1      | Riddle the Merfolk Gladiator began the quest for the Orb.
     0 | D:1      | Reached XP level 1. HP: 16/16 MP: 1/1
   222 | D:1      | Reached XP level 2. HP: 23/23 MP: 2/2
   665 | D:1      | Reached XP level 3. HP: 25/28 MP: 3/3
  1274 | D:2      | Found a stormy altar of Qazlal.
  1302 | D:2      | Reached XP level 4. HP: 30/35 MP: 4/4
  1455 | D:2      | Reached skill level 5 in Dodging
  2341 | D:3      | Reached XP level 5. HP: 41/41 MP: 5/5
  3592 | D:4      | Found a sparkling altar of Nemelex Xobeh.
  3615 | D:4      | Found a glowing drain.
  3629 | Sewer    | Entered a sewer
  3783 | Sewer    | Reached XP level 6. HP: 48/48 MP: 6/6
  3905 | Sewer    | Reached skill level 6 in Dodging
  4009 | Sewer    | Reached skill level 5 in Long Blades
  4258 | D:4      | Found a transporter.
  4258 | D:4      | Noticed H0rd4k's ghost (novice OpTm)
  4297 | D:4      | Found a transporter.
  4381 | D:4      | Noticed a phantom
  4634 | D:4      | Killed a phantom
  4635 | D:4      | Reached skill level 5 in Fighting
  4635 | D:4      | Reached XP level 7. HP: 36/56 MP: 7/7
  4789 | D:4      | Noticed Natasha
  4807 | D:4      | Killed Natasha
  5088 | D:4      | Reached skill level 7 in Dodging
  5207 | D:4      | Noticed Eustachio
  5208 | D:4      | Noticed Natasha
  5213 | D:4      | Killed Natasha
  5444 | D:4      | Noticed Natasha
  5455 | D:4      | Killed Natasha
  5608 | D:4      | Killed Eustachio
  5874 | D:5      | Entered Level 5 of the Dungeon
  5927 | D:5      | Killed from afar by an orc priest

Illustrated notes

Levels and vault maps discovered:
D:1:      shiori_shiawase, layout_basic
D:2:      minmay_razor_zed, layout_basic, overflow_temple_1_default
D:3:      layout_basic, minmay_close_crescents
D:4:      layout_loops_ring, kennysheep_mini_moat, cheibrodos_sewer_entry_bend,
          gammafunk_ghost_mausoleum, eino_tiny_chamber, item_on_display_a,
          uniq_eustachio, uniq_natasha
D:5:      layout_basic, fedhas_altar_3, serial_shops, shop_scrolls, shop, shop

Skill      XL: |  1  2  3  4  5  6  7 |
---------------+----------------------+-----
Fighting       | 3 4 5 |  5.6
Long Blades    | 4 5 6 |  6.1
Dodging        | 5 6 7 |  7.5
Throwing       | |  2.0

Action                   |  1- 3 |  4- 6 |  7- 9 || total
-------------------------+-------+-------+-------++-------
Melee: Long sword        |    98 |   257 |   100 ||   455
       Tailslap          |       |     4 |       ||     4
Throw: Throwing net      |       |       |     2 ||     2
  Use: Scroll            |       |     3 |       ||     3
       Potion            |       |     1 |     2 ||     3
 Stab: Sleeping          |       |     3 |       ||     3
Armor: Leather armour    |    17 |    46 |    10 ||    73
Dodge: Dodged            |   104 |   230 |    83 ||   417
       Rpst.: Long sword |    20 |    69 |    26 ||   115
